 Dungeon Crawl Stone Soup version 0.30-a0-743-gbfdf073431 (webtiles) character file.

Game seed: 3121404677456222950

81 hikkokomori the Shooter (level 4, -2/34 HPs)
             Began as a Demonspawn Hunter on Feb 8, 2023.
             Slain by an orc wizard
             ... wielding a +0 dagger
              (4 damage)
             ... on level 3 of the Dungeon.
             The game lasted 00:02:37 (1521 turns).

hikkokomori the Shooter (Demonspawn Hunter)         Turns: 1521, Time: 00:02:38

Health: -2/34      AC:  5    Str: 12    XL:     4   Next: 20%
Magic:  4/4        EV: 12    Int: 10    God:
Gold:   234        SH:  0    Dex: 18    Spells: 3/3 levels left

rFire   . . .      SeeInvis .    a - +0 shortbow
rCold   . . .      Faith    .    (shield currently unavailable)
rNeg    . . .      Spirit   .    c - +0 leather armour
rPois   .          Reflect  .    (no helmet)
rElec   .          Harm     .    (no cloak)
rCorr   .          Rampage  .    (no gloves)
Will    .....                    (no boots)
Stlth   ++                       (no amulet)
HPRegen 0.25/turn                (no ring)
MPRegen 0.09/turn                (no ring)

@: no status effects
A: yellow scales 1
a: no special abilities


You were on level 3 of the Dungeon.
You visited 1 branch of the dungeon, and saw 3 of its levels.

You collected 234 gold pieces.

Inventory:

Hand Weapons
 a - a +0 shortbow (weapon)
 k - a +2 vampiric long sword
 q - a +0 antimagic rapier
Armour
 c - a +0 leather armour (worn)
Jewellery
 h - an amulet of guardian spirit
Scrolls
 b - a scroll of immolation
 d - a scroll of noise {unknown}
 e - a scroll of blinking {unknown}
 g - a scroll of amnesia {unknown}
 j - 3 scrolls of identify {unknown}
 r - a scroll of acquirement {unknown}
 s - a scroll of enchant armour {unknown}
 t - a scroll of vulnerability {unknown}
Potions
 f - a potion of flight {unknown}
 i - a potion of haste {unknown}
 l - a potion of curing {unknown}
 m - a potion of magic
 n - a potion of lignification {unknown}
 o - a potion of resistance {unknown}
 p - a potion of mutation {unknown}


   Skills:
 + Level 2.9 Fighting
 * Level 4.3 Ranged Weapons
 - Level 1.7 Dodging
 + Level 2.2 Stealth


You had 3 spell levels left.
You didn't know any spells.
Your spell library contained the following spells:

 Spells                   Type           Power      Damage    Failure   Level
 Ensorcelled Hibernation  Hex/Ice        0%         N/A       58%         2
 Spider Form              Tmut/Pois      0%         N/A       82%         3
 Anguish                  Hex/Necr       0%         N/A       99%         4


Dungeon Overview and Level Annotations

Branches:
Dungeon (3/15)

Altars:


Innate Abilities, Weirdness & Mutations

You are partially covered in yellow scales. (AC +2)


Message History

You are too injured to fight recklessly!
You are too injured to fight recklessly!
You are too injured to fight recklessly!
You are too injured to fight recklessly!
You are too injured to fight recklessly!
You are too injured to fight recklessly!
You are too injured to fight recklessly!
You are too injured to fight recklessly!
You are too injured to fight recklessly!
You are too injured to fight recklessly!
You are too injured to fight recklessly!
You aren't carrying any items that you can evoke.
Okay, then.
The orc attacks as you move away! The orc hits you but does no damage.
You shoot an arrow. The arrow hits the orc!
You kill the orc!
Something hits you. Something hits you.
You shoot an arrow. Something hits you. x2
* * * LOW HITPOINT WARNING * * *
Fire: a) +0 shortbow
Press: ? - help, Q - select action Shift-Dir - straight line You shoot an arrow.
Something hits you.
* * * LOW HITPOINT WARNING * * *
Fire: a) +0 shortbow
Press: ? - help, Q - select action Shift-Dir - straight line
Okay, then.
It was a potion of magic.
Magic courses through your body. Something hits you but does no damage.
Fire: a) +0 shortbow
Press: ? - help, Q - select action Shift-Dir - straight line You shoot an arrow.
Something hits you.
* * * LOW HITPOINT WARNING * * *
Fire: a) +0 shortbow
Press: ? - help, Q - select action Shift-Dir - straight line You shoot an arrow.
Something hits you.
You die...

##.# ##.# #### ...# #...
###### ... ######...
#....# ...
.........####....# ....
.................# .....
..†..............# ##.?.##
†................##.......
..#######.......@#)†......
...# #........{.#.)....
#..######.........## .....
##...............## ....
###..##.........# ...
##.##.....##..# ..
...........[## .
##.........### ####.....##


There were no monsters in sight!

Vanquished Creatures
  An adder (D:2)
  A worm (D:2)
  2 dart slugs
  2 orcs (D:3)
  9 bats
  4 endoplasms
  5 giant cockroaches
  3 goblins
  3 hobgoblins
  4 quokkas (D:1)
  9 ball pythons
  2 frilled lizards
  6 kobolds
  11 rats
62 creatures vanquished.

Notes
Turn   | Place    | Note
-------+----------+-------------------------------------------
     0 | D:1      | hikkokomori the Demonspawn Hunter began the quest for the
                  | Orb.
     0 | D:1      | Reached XP level 1. HP: 16/16 MP: 1/1
    56 | D:1      | Reached skill level 1 in Stealth
    99 | D:1      | Gained mutation: You are partially covered in yellow
                  | scales. (AC +2) [demonic ancestry]
    99 | D:1      | Reached XP level 2. HP: 22/22 MP: 2/2
   453 | D:1      | Reached skill level 4 in Ranged Weapons
   453 | D:1      | Reached XP level 3. HP: 28/28 MP: 3/3
  1189 | D:2      | Reached XP level 4. HP: 34/34 MP: 4/4
  1521 | D:3      | Slain by an orc wizard

Illustrated notes

Levels and vault maps discovered:
D:1:      lordsloth_arrival_two_stooges, layout_basic, minmay_rat_gold_closets
D:2:      layout_loops_ring, corexii_corridor_pit, chequers_serial_rivers_marsh
D:3:      layout_basic, minmay_misc_feat_cross, st_stairs_12

Skill      XL: |  1  2  3 |
---------------+----------+-----
Stealth        | 1 2 |  2.2
Ranged Weapons | 4 |  4.3
Fighting       | |  2.9
Dodging        | |  1.7

Action                     |  1- 3 |  4- 6 || total
---------------------------+-------+-------++-------
   Fire: Shortbow          |   110 |    39 ||   149
    Use: Potion            |       |     1 ||     1
 Armour: Leather armour    |    22 |     8 ||    30
  Dodge: Dodged            |    22 |    14 ||    36

Table legend: (Time is in decaauts)
 A = Elapsed time spent in this place.
 B = Non-inter-level travel time spent in this place.
 C = Inter-level travel time spent in this place.
 D = Time resting spent in this place.
 E = Time spent auto-exploring this place.
 F = Levels seen in this place.
 G = Mean time per level.
                   A        B        C        D        E       F      G
               +--------+--------+--------+--------+--------+-----+--------+
         Total |   1573 |   1530 |     43 |      0 |   1230 |   3 |  524.3 |
       Dungeon |   1573 |   1530 |     43 |      0 |   1230 |   3 |  524.3 |
               +--------+--------+--------+--------+--------+-----+--------+

Top non-repeatable levels by time:
     D:1: 773 daAuts
     D:2: 601 daAuts
     D:3: 198 daAuts
